 Dungeon Crawl Stone Soup version 0.28-a0-1412-gf95308ed99 (webtiles) character file.

Game seed: 10494693903812012400

27 HallandMoats the Skirmisher (level 3, 31/31 HPs)
             Began as a Ghoul Fighter on Jan 6, 2022.
             Was a Follower of Nemelex Xobeh.
             Safely got out of the dungeon.
             The game lasted 00:01:52 (990 turns).

HallandMoats the Skirmisher (Ghoul Fighter)          Turns: 990, Time: 00:01:53

Health: 31/31      AC:  6    Str: 19    XL:     3   Next: 10%
Magic:  2/2        EV:  9    Int:  3    God:    Nemelex Xobeh [*.....]
Gold:   50         SH:  4    Dex: 10    Spells: 2/2 levels left

rFire   . . .      SeeInvis .   a - +0 long sword
rCold   + . .      Faith    .   c - +0 buckler
rNeg    + + +      Spirit   .   b - +0 scale mail
rPois   ∞          Reflect  .   (no helmet)
rElec   .          Harm     .   (no cloak)
rCorr   .          Rampage  .   (no gloves)
Will    .....                   (no boots)
Stlth   ..........              (no amulet)
HPRegen 0.10/turn               (no ring)
MPRegen 0.08/turn               (no ring)

@: no status effects
A: claws 1, cold resistance 1, negative energy resistance 3, inhibited
regeneration, torment resistance 2
a: Renounce Religion, Draw Escape, Draw Destruction, Draw Summoning


You escaped.
You worshipped Nemelex Xobeh.
Nemelex Xobeh was aware of your devotion.
You visited 1 branch of the dungeon, and saw 1 of its levels.

You collected 50 gold pieces.

Inventory:

Hand Weapons
 a - a +0 long sword (weapon)
Armour
 b - a +0 scale mail (worn)
 c - a +0 buckler (worn)
Scrolls
 f - a scroll of fear {unknown}
 g - a scroll of teleportation {unknown}
 i - a scroll of identify {unknown}
Potions
 d - a potion of might
 e - a potion of curing {unknown}
 h - a potion of cancellation {unknown}


   Skills:
 + Level 3.5 Fighting
 + Level 2.1 Long Blades
 + Level 2.8 Armour
 + Level 0.7 Dodging
 * Level 3.1 Shields


You had 2 spell levels left.
You didn't know any spells.
Your spell library contained the following spells:

 Spells                   Type           Power      Damage    Failure   Level
 Ensorcelled Hibernation  Hex/Ice        0%         N/A       98%         2
 Tukima's Dance           Hex            0%         N/A       100%        3
 Enfeeble                 Hex            0%         N/A       100%        7


Dungeon Overview and Level Annotations

Branches:
Dungeon (1/15)

Altars:
Nemelex Xobeh


Innate Abilities, Weirdness & Mutations

You thrive by killing the living.
You are immune to poison.
You have sharp fingernails.
Your flesh is cold resistant. (rC+)
You are immune to negative energy. (rN+++)
You do not regenerate when monsters are visible.
You are immune to unholy pain and torment.


Message History

No target in view!
You open the door.
There is an open door here.
A frilled lizard comes into view.
The frilled lizard hisses angrily.
You block the frilled lizard's attack.
A frilled lizard is nearby!
You closely miss the frilled lizard. The frilled lizard barely misses you.
A frilled lizard is nearby!
You slash the frilled lizard!
You kill the frilled lizard!
Partly explored, can't reach some places.
No target in view!
Partly explored, can't reach some places.
No target in view!
Partly explored, can't reach some places.
No target in view!
Partly explored, can't reach some places.
No target in view!
Partly explored, can't reach some places.
No target in view!
Partly explored, can't reach some places.
Search for what [? for help]? altar
There is an open door here.
There is an open door here.
There is an open door here.
There is a faded altar of an unknown god here.
You cannot tell which god this altar belongs to.
Convert to them anyway?
Nemelex Xobeh accepts your prayer! Nemelex Xobeh welcomes you!
You can now draw from decks of power.
Nemelex will now gift you decks of power as you gain piety.
There is an open door here.
There is an open door here.
You open the door.
There is an open door here.
There is an open door here.
There is a staircase leading out of the dungeon here.
Are you sure you want to leave the Dungeon?
This will make you lose the game!
You have escaped!

#.≈≈#.#..#..#.#≈≈.######.#.# #.
#.≈≈#.#..#..#.#≈≈.##...#.#.# #.
#...'.+.8#8.+.'..........#.# #.
#.≈≈#.#..#..#.#≈≈..#.#.....# ##
#.≈≈#.#..#..#.#≈≈..#.#...###
###.≈≈#.#.....#.#≈≈..#.#.#.##
....≈##'###+###'##≈..#.#.#..#
###.≈#..+.....+..#≈..#.#.##.#####
# #.≈#⌠.#######.@#≈..#.#.##.##...
###.≈####≈≈≈≈≈####≈..#.#.##..#.##
..#.≈≈≈≈≈≈≈≈≈≈≈≈≈≈≈....#.###.#.#
#.....................##.# #.#.#
###.########.............# #.#.#
#.# #.############# #.#.#
###'########.# #...##
#..).......#.# ##..##
#..........#.# ########..##


There were no monsters in sight!

Vanquished Creatures
  A dart slug (D:1)
  2 bats (D:1)
  3 endoplasms (D:1)
  A giant cockroach (D:1)
  2 goblins (D:1)
  2 hobgoblins (D:1)
  2 jackals (D:1)
  A quokka (D:1)
  A ball python (D:1)
  2 frilled lizards (D:1)
  3 kobolds (D:1)
  2 rats (D:1)
22 creatures vanquished.

Notes
Turn   | Place    | Note
-------+----------+-------------------------------------------
     0 | D:1      | HallandMoats the Ghoul Fighter began the quest for the Orb.
     0 | D:1      | Reached XP level 1. HP: 19/19 MP: 0/0
   371 | D:1      | Found a faded altar of an unknown god.
   442 | D:1      | Reached XP level 2. HP: 26/26 MP: 1/1
   688 | D:1      | Reached XP level 3. HP: 31/31 MP: 2/2
   929 | D:1      | Prayed at the altar of an unknown god.
   929 | D:1      | Became a worshipper of Nemelex Xobeh the Trickster
   929 | D:1      | Reached * piety under Nemelex Xobeh
   990 | D:$      | Safely got out of the dungeon.

Illustrated notes

Levels and vault maps discovered:
D:1:      heliophobic_arrival_glass_houses, layout_basic,
          dilly_ecumenical_altar_fadedgnrine, chequers_serial_rivers_micro_e,
          minmay_pentomino_x4

Skill      XL: |  1  2 |
---------------+-------+-----
Long Blades    | 2 |  2.1
Shields        | 3 |  3.1
Fighting       | |  3.5
Armour         | |  2.8
Dodging        | |  0.7

Action                   || total
-------------------------++-------
Melee: Long sword        ||    63
Armor: Scale mail        ||    39
Dodge: Dodged            ||    42
Block: Buckler           ||    19

Table legend: (Time is in decaauts)
 A = Elapsed time spent in this place.
 B = Non-inter-level travel time spent in this place.
 C = Inter-level travel time spent in this place.
 D = Time resting spent in this place.
 E = Time spent auto-exploring this place.
 F = Levels seen in this place.
 G = Mean time per level.
                   A        B        C        D        E       F      G
               +--------+--------+--------+--------+--------+-----+--------+
         Total |   1012 |    837 |    175 |      0 |    673 |   1 | 1012.0 |
       Dungeon |   1012 |    837 |    175 |      0 |    673 |   1 | 1012.0 |
               +--------+--------+--------+--------+--------+-----+--------+

Top non-repeatable levels by time:
     D:1: 1012 daAuts
